TOP OF THE 1ST |
New Orleans Looters batting - Pitching for Plymouth Rocks : RHP José López
|
Pitching: RHP José López
|
|
Batting: LHB Francisco Vega
|
0-0: Ball 1-0: Called Strike 1-1: Fly out, F8 (Flyball, 78M)
|
Batting: RHB Stephen Shaw
|
0-0: Called Strike 0-1: Ball 1-1: Ball 2-1: Swinging Strike 2-2: Ball 3-2: Strikes out swinging
|
Batting: LHB Taylor Smith
|
0-0: Foul Ball, location: 2F 0-1: Ball 1-1: Swinging Strike 1-2: Strikes out swinging
|
Top of the 1st over - 0 run(s), 0 hit(s), 0 error(s), 0 left on base; New Orleans 0 - Plymouth 0 |
BOTTOM OF THE 1ST |
Plymouth Rocks batting - Pitching for New Orleans Looters : RHP Chris Martin
|
Pitching: RHP Chris Martin
|
|
Batting: RHB Luis Sánchez
|
0-0: Ball 1-0: Ball 2-0: Ball 3-0: Base on Balls
|
Batting: RHB Andrés Lara
|
0-0: Ball 1-0: Foul Ball, location: 2F 1-1: Foul Ball, location: 2F 1-2: Strikes out swinging
|
Batting: LHB Roy Patrick
|
0-0: Ball 1-0: Swinging Strike 1-1: Foul Ball, location: 2F 1-2: Strikes out swinging
|
Batting: SHB Greg Welch
|
0-0: Ball 1-0: Called Strike 1-1: Ball 2-1: Fly out, F7 (Line Drive, 7M)
|
Bottom of the 1st over - 0 run(s), 0 hit(s), 0 error(s), 1 left on base; New Orleans 0 - Plymouth 0 |
TOP OF THE 2ND |
New Orleans Looters batting - Pitching for Plymouth Rocks : RHP José López
|
Batting: LHB Luis Sánchez
|
0-0: DOUBLE (Line Drive, 89XD)
|
Batting: RHB Francisco Ibarra
|
0-0: Ball 1-0: Swinging Strike 1-1: Called Strike 1-2: Strikes out swinging
|
Batting: SHB Nate Rhodes
|
0-0: Called Strike 0-1: Swinging Strike 0-2: Fly out, F8 (Flyball, 8LS)
|
Batting: RHB Tim Gardner
|
0-0: Ball Wild Pitch! Luis Sánchez to third 1-0: Fly out, F7 (Flyball, 7M)
|
Top of the 2nd over - 0 run(s), 1 hit(s), 0 error(s), 1 left on base; New Orleans 0 - Plymouth 0 |
BOTTOM OF THE 2ND |
Plymouth Rocks batting - Pitching for New Orleans Looters : RHP Chris Martin
|
Batting: RHB António Gonzáles
|
0-0: Ball 1-0: Called Strike 1-1: Ground out 6-3 (Groundball, 6M)
|
Batting: LHB Barrett Waters
|
0-0: Ball 1-0: Called Strike 1-1: Called Strike 1-2: Strikes out swinging
|
Batting: RHB António Zúńiga
|
0-0: Ball 1-0: Ground out 4-3 (Groundball, 4)
|
Bottom of the 2nd over - 0 run(s), 0 hit(s), 0 error(s), 0 left on base; New Orleans 0 - Plymouth 0 |
TOP OF THE 3RD |
New Orleans Looters batting - Pitching for Plymouth Rocks : RHP José López
|
Batting: RHB Dave O'Loan
|
0-0: Foul Ball, location: 2F 0-1: Foul Ball, location: 2F 0-2: Ball 1-2: Foul Ball, location: 2F 1-2: Ball 2-2: Strikes out swinging
|
Batting: RHB Ángel Castaneda
|
0-0: Ball 1-0: Ground out 5-3 (Groundball, 56S)
|
Batting: LHB Francisco Vega
|
0-0: Ball 1-0: Ball 2-0: Ball 3-0: SOLO HOME RUN (Flyball, 7D), Distance : 402 ft
|
Batting: RHB Stephen Shaw
|
0-0: SINGLE (Line Drive, 78M)
|
Batting: LHB Taylor Smith
|
0-0: Fly out, F7 (Flyball, 78S)
|
Top of the 3rd over - 1 run(s), 2 hit(s), 0 error(s), 1 left on base; New Orleans 1 - Plymouth 0 |
BOTTOM OF THE 3RD |
Plymouth Rocks batting - Pitching for New Orleans Looters : RHP Chris Martin
|
Batting: RHB José Flores
|
0-0: Ground out 4-3 (Groundball, 4)
|
Batting: RHB Anthony Rucker
|
0-0: Called Strike 0-1: Called Strike 0-2: Ball 1-2: Ball 2-2: SINGLE (Line Drive, 7LM)
|
Batting: RHB Luis Sánchez
|
0-0: Foul Ball, location: 2F 0-1: Grounds into double play, 4-6-3 (Groundball, 4)
|
Bottom of the 3rd over - 0 run(s), 1 hit(s), 0 error(s), 0 left on base; New Orleans 1 - Plymouth 0 |
TOP OF THE 4TH |
New Orleans Looters batting - Pitching for Plymouth Rocks : RHP José López
|
Batting: LHB Luis Sánchez
|
0-0: Called Strike 0-1: Foul Ball, location: 2F 0-2: Strikes out swinging
|
Batting: RHB Francisco Ibarra
|
0-0: Called Strike 0-1: Ball 1-1: Swinging Strike 1-2: Foul Ball, location: 2F 1-2: Fly out, F7 (Flyball, 78XD)
|
Batting: SHB Nate Rhodes
|
0-0: Called Strike 0-1: Ball 1-1: Ball 2-1: Called Strike 2-2: Foul Ball, location: 2F 2-2: Foul Ball, location: 2F 2-2: Ball 3-2: Ground out 5-3 (Groundball, 15S)
|
Top of the 4th over - 0 run(s), 0 hit(s), 0 error(s), 0 left on base; New Orleans 1 - Plymouth 0 |
BOTTOM OF THE 4TH |
Plymouth Rocks batting - Pitching for New Orleans Looters : RHP Chris Martin
|
Batting: RHB Andrés Lara
|
0-0: Called Strike 0-1: Fly out, F8 (Flyball, 8RS)
|
Batting: LHB Roy Patrick
|
0-0: Called Strike 0-1: Ground out 4-3 (Groundball, 4M)
|
Batting: SHB Greg Welch
|
0-0: Called Strike 0-1: Ball 1-1: Swinging Strike 1-2: Strikes out swinging
|
Bottom of the 4th over - 0 run(s), 0 hit(s), 0 error(s), 0 left on base; New Orleans 1 - Plymouth 0 |
TOP OF THE 5TH |
New Orleans Looters batting - Pitching for Plymouth Rocks : RHP José López
|
Batting: RHB Tim Gardner
|
0-0: Called Strike 0-1: Ball 1-1: Foul Ball, location: 2F 1-2: Ground out 6-3 (Groundball, 6)
|
Batting: RHB Dave O'Loan
|
0-0: Called Strike 0-1: Ball 1-1: Ball 2-1: Swinging Strike 2-2: Ball 3-2: SINGLE (Flyball, 8RS)
|
Batting: RHB Ángel Castaneda
|
0-0: Foul Ball, location: 2F 0-1: Fly out, F9 (Flyball, 9M)
|
Batting: LHB Francisco Vega
|
0-0: 2-RUN HOME RUN (Flyball, 7D), Distance : 400 ft
|
Batting: RHB Stephen Shaw
|
0-0: Called Strike 0-1: DOUBLE (Flyball, 7D)
|
Batting: LHB Taylor Smith
|
0-0: Ball 1-0: Fly out, F3 (Popup, 34S)
|
Top of the 5th over - 2 run(s), 3 hit(s), 0 error(s), 1 left on base; New Orleans 3 - Plymouth 0 |
BOTTOM OF THE 5TH |
Plymouth Rocks batting - Pitching for New Orleans Looters : RHP Chris Martin
|
Batting: RHB António Gonzáles
|
0-0: Ball 1-0: Called Strike 1-1: Ground out 6-3 (Groundball, 6)
|
Batting: LHB Barrett Waters
|
0-0: Ball 1-0: Swinging Strike 1-1: Foul Ball, location: 2F 1-2: Ball 2-2: Ball 3-2: Ground out 1-3 (Groundball, 15)
|
Batting: RHB António Zúńiga
|
0-0: Ball 1-0: Foul Ball, location: 2F 1-1: Foul Ball, location: 2F 1-2: Fly out, F7 (Flyball, 7D)
|
Bottom of the 5th over - 0 run(s), 0 hit(s), 0 error(s), 0 left on base; New Orleans 3 - Plymouth 0 |
TOP OF THE 6TH |
New Orleans Looters batting - Pitching for Plymouth Rocks : RHP José López
|
Batting: LHB Luis Sánchez
|
0-0: Called Strike 0-1: Ball 1-1: Fly out, F7 (Flyball, 78M)
|
Batting: RHB Francisco Ibarra
|
0-0: Called Strike 0-1: Called Strike 0-2: Strikes out swinging
|
Batting: SHB Nate Rhodes
|
0-0: Ball 1-0: Ball 2-0: Foul Ball, location: 2F 2-1: Ball 3-1: Swinging Strike 3-2: Base on Balls
|
Batting: RHB Tim Gardner
|
0-0: Called Strike 0-1: Fly out, F8 (Flyball, 8LD)
|
Top of the 6th over - 0 run(s), 0 hit(s), 0 error(s), 1 left on base; New Orleans 3 - Plymouth 0 |
BOTTOM OF THE 6TH |
Plymouth Rocks batting - Pitching for New Orleans Looters : RHP Chris Martin
|
Batting: RHB José Flores
|
0-0: Ball 1-0: Foul Ball, location: 2F 1-1: Ball 2-1: Foul Ball, location: 2F 2-2: Ground out 6-3 (Groundball, 6MS)
|
Batting: RHB Anthony Rucker
|
0-0: Ball 1-0: Ball 2-0: Called Strike 2-1: Ball 3-1: Called Strike 3-2: Strikes out swinging
|
Batting: RHB Luis Sánchez
|
0-0: Called Strike 0-1: SINGLE (Line Drive, 7S)
|
Batting: RHB Andrés Lara
|
0-0: Ball 1-0: Swinging Strike 1-1: Ball 2-1: Ball 3-1: Ground out 6-3 (Groundball, 6)
|
Bottom of the 6th over - 0 run(s), 1 hit(s), 0 error(s), 1 left on base; New Orleans 3 - Plymouth 0 |
TOP OF THE 7TH |
New Orleans Looters batting - Pitching for Plymouth Rocks : RHP José López
|
Batting: RHB Dave O'Loan
|
0-0: Ground out 6-3 (Groundball, 6M)
|
Batting: RHB Ángel Castaneda
|
0-0: Ball 1-0: Ground out 5-3 (Groundball, 56)
|
Batting: LHB Francisco Vega
|
0-0: Called Strike 0-1: Called Strike 0-2: Ball 1-2: Ground out 2-3 (Groundball, 15S)
|
Top of the 7th over - 0 run(s), 0 hit(s), 0 error(s), 0 left on base; New Orleans 3 - Plymouth 0 |
BOTTOM OF THE 7TH |
Plymouth Rocks batting - Pitching for New Orleans Looters : RHP Chris Martin
|
Batting: LHB Roy Patrick
|
0-0: Ball 1-0: Ball 2-0: Swinging Strike 2-1: Foul Ball, location: 2F 2-2: Fly out, F8 (Flyball, 8RXD)
|
Batting: SHB Greg Welch
|
0-0: Ball 1-0: Ground out 5-3 (Groundball, 56S)
|
Batting: RHB António Gonzáles
|
0-0: Ball 1-0: Swinging Strike 1-1: Swinging Strike 1-2: Strikes out swinging
|
Bottom of the 7th over - 0 run(s), 0 hit(s), 0 error(s), 0 left on base; New Orleans 3 - Plymouth 0 |
TOP OF THE 8TH |
New Orleans Looters batting - Pitching for Plymouth Rocks : RHP José López
|
Batting: RHB Stephen Shaw
|
0-0: Called Strike 0-1: Ball 1-1: Ball 2-1: Foul Ball, location: 2F 2-2: Fly out, F7 (Flyball, 7D)
|
Batting: LHB Taylor Smith
|
0-0: Ball 1-0: Ground out 4-3 (Groundball, 4S)
|
Batting: LHB Luis Sánchez
|
0-0: Ball 1-0: Fly out, F8 (Flyball, 8LM)
|
Top of the 8th over - 0 run(s), 0 hit(s), 0 error(s), 0 left on base; New Orleans 3 - Plymouth 0 |
BOTTOM OF THE 8TH |
Plymouth Rocks batting - Pitching for New Orleans Looters : RHP Chris Martin
|
Batting: LHB Barrett Waters
|
0-0: Ball 1-0: Called Strike 1-1: SINGLE (Groundball, 4M)
|
Batting: RHB António Zúńiga
|
0-0: Ball 1-0: Called Strike 1-1: Foul Ball, location: 2F 1-2: Foul Ball, location: 2F 1-2: Ground out 3-1 (Groundball, 34) Barrett Waters to second
|
Batting: RHB José Flores
|
0-0: Swinging Strike 0-1: Ball 1-1: Swinging Strike 1-2: Foul Ball, location: 2F 1-2: Strikes out swinging
|
Batting: RHB Anthony Rucker
|
0-0: Ball 1-0: Ball 2-0: Called Strike 2-1: Ground out 6-3 (Groundball, 6)
|
Bottom of the 8th over - 0 run(s), 1 hit(s), 0 error(s), 1 left on base; New Orleans 3 - Plymouth 0 |
TOP OF THE 9TH |
New Orleans Looters batting - Pitching for Plymouth Rocks : RHP José López
|
Batting: RHB Francisco Ibarra
|
0-0: Ball 1-0: Ground out 4-3 (Groundball, 4)
|
Batting: SHB Nate Rhodes
|
0-0: Called Strike 0-1: Ball 1-1: Ball 2-1: Ball 3-1: SINGLE (Line Drive, 8RS)
|
Batting: RHB Tim Gardner
|
0-0: Ball 1-0: Called Strike 1-1: Foul Ball, location: 2F 1-2: Ball 2-2: Ball 3-2: Fly out, F8 (Flyball, 8RXD)
|
Pitching: RHP Jean Burrows
|
|
Batting: RHB Dave O'Loan
|
0-0: Called Strike 0-1: Ball 1-1: Fly out, F6 (Popup, 6MD)
|
Top of the 9th over - 0 run(s), 1 hit(s), 0 error(s), 1 left on base; New Orleans 3 - Plymouth 0 |
BOTTOM OF THE 9TH |
Plymouth Rocks batting - Pitching for New Orleans Looters : RHP Chris Martin
|
Pitching: LHP Juan Méndez
|
|
Batting: RHB Luis Sánchez
|
0-0: Called Strike 0-1: Ball 1-1: Swinging Strike 1-2: Strikes out swinging
|
Batting: RHB Andrés Lara
|
0-0: Ball 1-0: Ball 2-0: Swinging Strike 2-1: Ball 3-1: Base on Balls
|
Batting: LHB Roy Patrick
|
0-0: Ball 1-0: Grounds into double play, 4-6-3 (Groundball, 34)
|
Bottom of the 9th over - 0 run(s), 0 hit(s), 0 error(s), 0 left on base; New Orleans 3 - Plymouth 0 |
|